Map: Blackrock LE

Players

Halo - Winner!

  • Race: Zerg Zerg

A.I. 1 (Very Hard)

  • Race: Zerg Zerg

VOD

Have the link to the VOD?

Description

Time

  • Played on: Aug. 5, 2026, 4:56 p.m.
  • Length: 10:04
Show
View Real Time Build Order
Export as new Build Order

Halo Zerg - Winner!

Build Orders: Hatch First 

Get SALT Encoding   

  8  0:00  Drone  
  9  0:10  Drone  
  10  0:16  Drone  
  11  0:21  Drone  
  11  0:27  Extractor  
  11  0:30  Drone  
  13  0:40  Overlord  
  13  0:58  Drone x2  
  15  1:13  Hatchery  
  15  1:18  Drone  
  15  1:21  Drone  
  16  1:39  Spawning Pool  
  15  1:41  Extractor  
  15  1:43  Drone  
  15  1:46  Drone  
  16  1:50  Drone  
  17  1:54  Drone  
  18  2:03  Drone  
  19  2:13  Overlord  
  19  2:29  Queen  
  21  2:30  Queen  
  21  2:34  Zergling x2  
  21  2:36  Zergling x2  
  25  2:39  Drone  
  25  2:43  Drone  
  27  2:49  Metabolic Boost  
  27  2:53  Drone  
  28  2:59  Overlord  
  28  3:02  Drone  
  28  3:05  Drone  
  30  3:10  Drone  
  31  3:27  Drone  
  31  3:28  Hatchery  
  31  3:30  Drone  
  32  3:41  Overlord  
  32  3:48  Drone  
  32  3:49  Drone x5  
  38  3:58  Queen  
  38  4:00  Drone  
  41  4:08  Drone x3  
  41  4:09  Drone  
  45  4:11  Drone  
  46  4:17  Extractor  
  46  4:19  Baneling Nest  
  46  4:20  Drone x2  
  46  4:22  Drone  
  47  4:30  Zergling x2  
  48  4:45  Overlord  
  48  4:48  Overlord  
  48  4:58  Zergling x8  
  52  5:03  Queen  
  52  5:05  Drone x6  
  60  5:08  Overlord x3  
  60  5:24  Drone x2  
  60  5:25  Drone x4  
  60  5:26  Drone  
  67  5:32  Drone x2  
  69  5:49  Overlord x3  
  69  5:51  Zergling x18  
  69  5:55  Lair  
  78  5:57  Evolution Chamber, Drone  
  78  5:58  Evolution Chamber, Drone  
  78  5:59  Overlord  
  78  6:08  Zergling x6  
  81  6:13  Zergling x2  
  81  6:14  Zergling x4  
  84  6:21  Zergling x12  
  90  6:27  Zerg Melee Weapons Level 1, Zerg Ground Armor Level 1  
  90  6:29  Zergling x4  
  92  6:40  Overlord  
  92  6:41  Overlord  
  92  6:42  Zergling x2  
  92  6:43  Zergling x8  
  97  6:55  Zergling x16  
  97  7:00  Baneling x11  
  97  7:01  Baneling x6  
  105  7:02  Baneling x9  
  105  7:07  Zergling x12  
  111  7:11  Centrifugal Hooks  
  111  7:13  Overlord  
  111  7:14  Overlord  
  111  7:26  Zergling x18  
  119  7:51  Overlord x2  
  119  7:52  Zergling x2  
  119  7:53  Zergling x14  
  123  8:08  Zergling x2  
  123  8:09  Zergling x6  
  123  8:16  Zergling x6  
  119  8:27  Zergling x2  
  119  8:28  Zergling x16  
  119  8:31  Hatchery x2  
  96  8:42  Zergling x2  
  96  8:43  Zergling x4  
  87  9:01  Zergling x6  
  87  9:02  Zergling x18  
  87  9:19  Zergling x8  
  87  9:20  Zergling x8  
  94  9:26  Zergling x14  
  100  9:38  Zergling x6  
  106  10:00  Hatchery  
Show
View Real Time Build Order
Export as new Build Order

A.I. 1 (Very Hard) Zerg 

Build Orders: Pool First 

Get SALT Encoding   

  8  0:00  Drone  
  9  0:11  Drone  
  10  0:16  Drone  
  11  0:22  Drone  
  12  0:33  Overlord  
  12  0:51  Drone x3  
  15  1:05  Spawning Pool  
  15  1:08  Drone  
  15  1:12  Drone  
  16  1:19  Extractor  
  16  1:21  Drone  
  16  1:31  Drone  
  17  1:41  Drone  
  18  1:50  Drone  
  19  1:57  Roach Warren  
  19  2:00  Drone  
  19  2:15  Overlord  
  19  2:23  Hatchery, Drone  
  19  2:34  Queen  
  21  2:39  Zergling x2  
  22  2:44  Roach  
  22  2:51  Overlord  
  24  3:00  Roach  
  26  3:10  Roach  
  28  3:20  Roach  
  30  3:30  Roach  
  30  3:34  Metabolic Boost  
  32  3:35  Zergling x2  
  32  3:36  Extractor  
  32  3:40  Drone  
  33  3:47  Lair  
  33  4:08  Overlord  
  33  4:11  Drone  
  33  4:14  Drone  
  35  4:18  Drone  
  35  4:22  Drone  
  37  4:24  Drone  
  37  4:28  Drone  
  39  4:33  Drone  
  40  4:39  Overlord  
  40  4:42  Drone  
  40  4:45  Hydralisk Den, Drone  
  41  4:48  Drone  
  41  4:51  Drone  
  43  4:53  Drone  
  43  4:57  Drone  
  43  4:59  Drone  
  46  5:02  Drone  
  46  5:04  Drone  
  48  5:07  Drone  
  48  5:11  Overlord  
  49  5:16  Drone  
  49  5:17  Drone, Hydralisk  
  49  5:20  Hydralisk  
  55  5:29  Hydralisk  
  55  5:30  Drone, Roach  
  60  5:36  Overlord  
  60  5:38  Hydralisk  
  62  5:46  Drone  
  62  5:48  Drone  
  64  5:54  Overlord, Drone, Roach  
  64  5:56  Drone  
  68  6:04  Drone  
  68  6:06  Drone  
  68  6:10  Extractor  
  69  6:12  Ravager  
  69  6:13  Ravager  
  69  6:14  Overlord, Extractor  
  69  6:16  Drone  
  71  6:20  Drone x2, Roach  
  71  6:21  Evolution Chamber  
  71  6:23  Infestation Pit  
  71  6:25  Drone  
  74  6:26  Drone  
  75  6:35  Overlord  
  75  6:36  Drone  
  76  6:45  Drone  
  76  6:46  Drone  
  78  6:50  Zerg Missile Weapons Level 1  
  78  6:52  Evolution Chamber, Drone x2, Roach  
  78  6:54  Spine Crawler  
  80  6:55  Hydralisk  
  80  6:56  Drone  
  83  7:05  Overlord  
  83  7:06  Drone  
  84  7:15  Drone  
  84  7:16  Drone  
  84  7:21  Zerg Ground Armor Level 1, Queen  
  84  7:22  Spine Crawler, Overseer, Infestor  
  87  7:23  Lurker Den, Drone, Roach  
  87  7:25  Hydralisk  
  87  7:27  Drone  
  93  7:35  Overlord  
  93  7:37  Zergling x2  
  94  7:40  Baneling Nest  
  93  7:45  Drone  
  93  7:46  Drone  
  95  7:54  Hydralisk  
  95  7:55  Overlord, Roach x2  
  95  7:57  Roach  
  103  8:03  Spore Crawler  
  103  8:05  Zergling x2  
  102  8:07  Drone, Spore Crawler  
  95  8:15  Drone  
  95  8:16  Hydralisk  
  73  8:20  Ravager  
  73  8:24  Hydralisk  
  73  8:25  Ravager, Baneling x3, Lurker  
  78  8:27  Zergling x4, Roach  
  78  8:28  Roach  
  83  8:35  Roach  
  83  8:37  Hydralisk  
  83  8:40  Queen  
  70  8:41  Hydralisk  
  70  8:42  Roach, Drone  
  70  8:46  Drone  
  70  8:48  Drone  
  56  8:56  Zergling x2  
  56  8:58  Drone  
  56  8:59  Roach, Drone x2  
  47  9:06  Drone  
  47  9:09  Roach  
  38  9:10  Hydralisk, Zergling x2  
  38  9:15  Roach  
  32  9:27  Zergling x2  
  16  9:38  Drone  
  16  9:40  Drone  
  16  9:45  Drone  
Tags
 
Add a new tag
Caveats
  • Supply blocks, unpowered buildings, or Contaminate may cause inaccurate times.
  • Supply counts are checked every 10 seconds.